 Dungeon Crawl Stone Soup version 0.28-b1-1-g3c77fb2ed1 (webtiles) character file.

Game seed: 12547825401683464970

892 zeram the Shield-Bearer (level 8, -17/67 HPs)
             Began as a Gnoll Fighter on Jan 29, 2022.
             Demolished by a two-headed ogre (24 damage)
             ... on level 6 of the Dungeon.
             The game lasted 00:04:50 (4409 turns).

zeram the Shield-Bearer (Gnoll Fighter)             Turns: 4409, Time: 00:04:50

Health: -17/67     AC:  9    Str: 15    XL:     8   Next: 6%
Magic:  12/12      EV: 10    Int: 10    God:
Gold:   203        SH:  5    Dex: 12    Spells: 12/12 levels left

rFire   . . .      SeeInvis .   a - +2 trident
rCold   . . .      Faith    .   c - +0 buckler
rNeg    . . .      Spirit   .   b - +0 scale mail
rPois   .          Reflect  .   i - +0 helmet
rElec   .          Harm     .   (no cloak)
rCorr   .          Rampage  .   (no gloves)
Will    .....                   (no boots)
Stlth   +.........              (no amulet)
HPRegen 0.21/turn               (no ring)
MPRegen 0.13/turn               (no ring)

@: no status effects
A: fangs 1, strong nose, distributed training
a: no special abilities


You were on level 6 of the Dungeon.
You visited 1 branch of the dungeon, and saw 6 of its levels.

You collected 203 gold pieces.

Inventory:

Hand Weapons
 a - a +2 trident (weapon)
Missiles
 d - 6 curare-tipped darts (quivered)
Armour
 b - a +0 scale mail (worn)
 c - a +0 buckler (worn)
 i - a +0 helmet (worn)
Jewellery
 k - the ring of Disaster {Ice +Blink rElec}
   (You found it on level 3 of the Dungeon)

   [ring of ice]

   It enhances your ice magic.
   rF:        It makes you vulnerable to fire.
   rC:        It protects you from cold.
   rElec:     It insulates you from electricity.
   +Blink:    It lets you blink.
 o - a ring of protection from fire
 q - a ring of see invisible
 r - an amulet of magic regeneration
Wands
 m - a wand of flame (10)
Scrolls
 l - a scroll of teleportation
 p - a scroll of enchant weapon
Potions
 e - 3 potions of curing
 f - 2 potions of magic {unknown}
 g - a potion of resistance {unknown}
 h - 2 potions of lignification {unknown}
 j - 3 potions of degeneration {unknown}
 n - a potion of attraction {unknown}
 s - a potion of flight {unknown}


   Skills:
 + Level 7.2 Fighting
 + Level 2.9 Short Blades
 + Level 2.9 Long Blades
 + Level 2.9 Axes
 + Level 2.9 Maces & Flails
 + Level 5.4 Polearms
 + Level 2.9 Staves
 + Level 2.9 Slings
 + Level 2.9 Bows
 + Level 2.9 Crossbows
 + Level 2.9 Throwing
 + Level 7.2 Armour
 + Level 2.9 Dodging
 + Level 2.9 Stealth
 + Level 7.2 Shields
 + Level 2.9 Unarmed Combat
 + Level 2.9 Spellcasting
 + Level 2.3 Conjurations
 + Level 2.3 Hexes
 + Level 2.3 Summonings
 + Level 2.3 Necromancy
 + Level 2.3 Translocations
 + Level 2.3 Transmutations
 + Level 2.3 Fire Magic
 + Level 2.3 Ice Magic
 + Level 2.3 Air Magic
 + Level 2.3 Earth Magic
 + Level 2.3 Poison Magic
 + Level 3.2 Invocations
 + Level 2.9 Evocations


You had 12 spell levels left.
You didn't know any spells.
Your spell library was empty.

Dungeon Overview and Level Annotations

Branches:
Dungeon (5/15)
 Temple: D:4-7

Altars:


Innate Abilities, Weirdness & Mutations

You have very sharp teeth.
Your uncanny sense of smell can sniff out nearby items.
Your experience applies equally to all skills.


Message History

There are monsters nearby!
You reach to attack!
You puncture the two-headed ogre!
The two-headed ogre is lightly wounded.
A black bear comes into view.
The black bear growls angrily.
You hit the two-headed ogre.
The two-headed ogre is moderately wounded.
The two-headed ogre hits you with a +0 giant club!!
The two-headed ogre hits you with a +0 giant club!
You are too injured to fight recklessly!
You are too injured to fight recklessly!
You are too injured to fight recklessly!
You are too injured to fight recklessly!
You are too injured to fight recklessly!
You are too injured to fight recklessly!
You are too injured to fight recklessly!
You are too injured to fight recklessly!
You are too injured to fight recklessly!
You are too injured to fight recklessly!
You are too injured to fight recklessly!
You are too injured to fight recklessly!
You are too injured to fight recklessly!
You are too injured to fight recklessly!
You are too injured to fight recklessly!
You are too injured to fight recklessly!
You are too injured to fight recklessly!
Unknown command.
You puncture the two-headed ogre!
The two-headed ogre is heavily wounded.
You puncture the two-headed ogre!
The two-headed ogre is severely wounded.
A bullfrog skeleton comes into view.
The two-headed ogre barely misses you. You block the two-headed ogre's attack.
The two-headed ogre hits you with a +0 giant club!!
* * * LOW HITPOINT WARNING * * *
The two-headed ogre closely misses you.
You puncture the two-headed ogre!
The two-headed ogre is lightly wounded.
The two-headed ogre hits you with a +0 giant club!!
You die...

##...###..# #.
##....†#..# ∆ #[ #..
#........#.# #. #..
.........# .###h#
#... .........#...#.
.#....
..........###h###..#
#.......#..........#
##.....####.##.##.##
##...## #....O@.#
##'############.#
#.# #.. ..#.# #.#
#.# #.#.#
##.###.######.#.#
##...##.##.......#
#.....#.##.###.###
..#...##.#...##.#
..##.###........#


You could see a two-headed ogre.

Vanquished Creatures
  Duvessa (D:6)
  An ice beast (D:6)
  A necrophage (D:6)
  A centaur (D:6)
  A phantom (D:5)
  A kobold brigand (D:6)
  Dowan (D:6)
  2 howler monkeys
  3 iguanas
  Ijyb (D:4)
  6 adders
  A white imp (D:6)
  A worm (D:2)
  A dart slug (D:2)
  An orc (D:4)
  5 bats
  8 endoplasms
  5 giant cockroaches
  6 goblins
  8 hobgoblins
  11 jackals
  11 kobolds
  A quokka (D:2)
  8 ball pythons
  2 frilled lizards (D:1)
  A quokka skeleton (D:4)
  5 rats
94 creatures vanquished.

Notes
Turn   | Place    | Note
-------+----------+-------------------------------------------
     0 | D:1      | zeram the Gnoll Fighter began the quest for the Orb.
     0 | D:1      | Reached XP level 1. HP: 23/23 MP: 1/1
    91 | D:1      | Reached XP level 2. HP: 28/29 MP: 2/2
   440 | D:1      | Reached XP level 3. HP: 24/35 MP: 3/3
   913 | D:2      | Reached skill level 1 in Invocations
  1067 | D:2      | Reached skill level 1 in Short Blades
  1067 | D:2      | Reached skill level 1 in Long Blades
  1067 | D:2      | Reached skill level 1 in Axes
  1067 | D:2      | Reached skill level 1 in Maces & Flails
  1067 | D:2      | Reached skill level 1 in Staves
  1067 | D:2      | Reached skill level 1 in Slings
  1067 | D:2      | Reached skill level 1 in Bows
  1067 | D:2      | Reached skill level 1 in Crossbows
  1067 | D:2      | Reached skill level 1 in Throwing
  1067 | D:2      | Reached skill level 1 in Dodging
  1067 | D:2      | Reached skill level 1 in Stealth
  1067 | D:2      | Reached skill level 1 in Unarmed Combat
  1067 | D:2      | Reached skill level 1 in Spellcasting
  1067 | D:2      | Reached skill level 1 in Evocations
  1186 | D:2      | Reached XP level 4. HP: 41/41 MP: 5/5
  1976 | D:3      | Identified the ring of Disaster {Ice +Blink rElec}
  2037 | D:3      | Reached skill level 1 in Conjurations
  2037 | D:3      | Reached skill level 1 in Hexes
  2037 | D:3      | Reached skill level 1 in Summonings
  2037 | D:3      | Reached skill level 1 in Necromancy
  2037 | D:3      | Reached skill level 1 in Translocations
  2037 | D:3      | Reached skill level 1 in Transmutations
  2037 | D:3      | Reached skill level 1 in Fire Magic
  2037 | D:3      | Reached skill level 1 in Ice Magic
  2037 | D:3      | Reached skill level 1 in Air Magic
  2037 | D:3      | Reached skill level 1 in Earth Magic
  2037 | D:3      | Reached skill level 1 in Poison Magic
  2478 | D:4      | Reached XP level 5. HP: 37/47 MP: 5/7
  3021 | D:4      | Noticed Ijyb
  3039 | D:4      | Killed Ijyb
  3132 | D:4      | Reached XP level 6. HP: 46/53 MP: 8/8
  3587 | D:5      | Entered Level 5 of the Dungeon
  3600 | D:5      | Reached skill level 5 in Polearms
  3704 | D:5      | You fall into a shaft and drop 1 floor!
  3726 | D:6      | Reached XP level 7. HP: 17/59 MP: 10/10
  4064 | D:6      | Noticed Dowan
  4073 | D:6      | Killed Dowan
  4088 | D:6      | Noticed Duvessa
  4096 | D:6      | Killed Duvessa
  4328 | D:6      | Reached XP level 8. HP: 61/67 MP: 12/12
  4401 | D:6      | Noticed a two-headed ogre
  4401 | D:6      | Noticed a two-headed ogre
  4409 | D:6      | Demolished by a two-headed ogre

Illustrated notes

Levels and vault maps discovered:
D:1:      lemuel_arrival_hallway, layout_basic
D:2:      layout_loops_ring
D:3:      layout_loops_ring, nicolae_elevator_lobby_asterisk
D:4:      layout_rooms, minmay_misc_feat_room, dk_noncrumbling_4,
          grunt_ministairs_11, minivault_4, st_stairs_11, uniq_ijyb
D:5:      layout_loops_ring
D:6:      layout_loops_corners, serial_shops, nicolae_stop_n_shop_2,
          nicolae_shop_competitors_out_of_business, shop_fountains,
          minmay_manual_mail, uniq_duvessa

Skill      XL: |  1  2  3  4  5  6  7 |
---------------+----------------------+-----
Invocations    | 1 2 3 |  3.2
Short Blades   | 1 2 |  2.9
Long Blades    | 1 2 |  2.9
Axes           | 1 2 |  2.9
Maces & Flails | 1 2 |  2.9
Staves         | 1 2 |  2.9
Slings         | 1 2 |  2.9
Bows           | 1 2 |  2.9
Crossbows      | 1 2 |  2.9
Throwing       | 1 2 |  2.9
Dodging        | 1 2 |  2.9
Stealth        | 1 2 |  2.9
Unarmed Combat | 1 2 |  2.9
Spellcasting   | 1 2 |  2.9
Evocations     | 1 2 |  2.9
Conjurations   | 1 2 |  2.3
Hexes          | 1 2 |  2.3
Summonings     | 1 2 |  2.3
Necromancy     | 1 2 |  2.3
Translocations | 1 2 |  2.3
Transmutations | 1 2 |  2.3
Fire Magic     | 1 2 |  2.3
Ice Magic      | 1 2 |  2.3
Air Magic      | 1 2 |  2.3
Earth Magic    | 1 2 |  2.3
Poison Magic   | 1 2 |  2.3
Polearms       | 5 |  5.4
Fighting       | 7 |  7.2
Armour         | 7 |  7.2
Shields        | 7 |  7.2

Action                   |  1- 3 |  4- 6 |  7- 9 || total
-------------------------+-------+-------+-------++-------
Melee: Trident           |   123 |   160 |    50 ||   333
       Bite              |    10 |    16 |     6 ||    32
Throw: Dart              |       |       |     4 ||     4
  Use: Scroll            |     4 |     4 |       ||     8
       Potion            |       |     1 |       ||     1
 Stab: Sleeping          |       |     1 |       ||     1
Armor: Scale mail        |    43 |    57 |    15 ||   115
Dodge: Dodged            |    47 |    64 |    18 ||   129
Block: Buckler           |    26 |    28 |    10 ||    64
